 Dungeon Crawl Stone Soup version 0.23.1-37-gaa34b87b72 (webtiles) character file.

Game seed: 17912821027285267736

241 PentaManta the Vandal (level 6, -4/42 HPs)
             Began as a Halfling Hunter on Mar 25, 2019.
             Slain by a hippogriff (8 damage)
             ... on level 4 of the Dungeon.
             The game lasted 00:03:34 (2593 turns).

PentaManta the Vandal (Halfling Hunter)             Turns: 2593, Time: 00:03:34

Health: -4/42      AC:  3    Str: 13    XL:     6   Next: 30%
Magic:  15/15      EV: 16    Int:  9    God:
Gold:   140        SH:  0    Dex: 17    Spells: 5/5 levels left

rFire    . . .     SeeInvis .   a - +1 hunting sling
rCold    . . .     Gourm    .   (shield restricted)
rNeg     . . .     Faith    .   c - +0 leather armour
rPois    .         Spirit   .   (no helmet)
rElec    .         Reflect  .   (no cloak)
rCorr    +         Harm     .   (no gloves)
MR       .....                  (no boots)
Stlth    ++........             (no amulet)
HPRegen  0.14/turn              g - ring of magical power
MPRegen  0.14/turn              q - ring of resist corrosion

@: no status effects
A: small, mutation resistance 1
a: no special abilities


You were on level 4 of the Dungeon.
You were hungry.

You visited 1 branch of the dungeon, and saw 4 of its levels.

You collected 140 gold pieces.

Inventory:

Hand Weapons
 a - a +1 hunting sling (weapon)
 b - a +0 short sword
 d - a +1 dagger of venom
 y - a +2 short sword of venom
Missiles
 e - 56 stones (quivered)
 k - a throwing net
Armour
 c - a +0 leather armour (worn)
 h - a +2 buckler
Jewellery
 g - a ring of magical power (left hand)
 q - a ring of resist corrosion (right hand)
 v - an uncursed amulet of magic regeneration {unknown}
Wands
 p - a wand of digging (6)
Scrolls
 l - 5 scrolls of identify {unknown}
 m - 2 scrolls of remove curse {unknown}
 n - 2 scrolls of magic mapping {unknown}
 t - a scroll of blinking {unknown}
 x - 2 scrolls of random uselessness {unknown}
Potions
 i - a potion of berserk rage {unknown}
 j - a potion of flight {unknown}
 o - 2 potions of degeneration {unknown}
 r - 3 potions of curing {unknown}
 s - 2 potions of heal wounds {unknown}
 u - a potion of ambrosia {unknown}
Comestibles
 f - 6 rations


   Skills:
 + Level 3.4 Fighting
 + Level 7.6 Slings
 + Level 4.2 Dodging
 - Level 1.1 Stealth


You had 5 spell levels left.
You didn't know any spells.
Your spell library was empty.

Dungeon Overview and Level Annotations

Branches:
Dungeon (4/15)
 Temple: D:4-7

Altars:
Cheibriados
Hepliaklqana
Zin


Innate Abilities, Weirdness & Mutations

You are small and have problems with some larger weapons.
You are somewhat resistant to further mutation.


Message History

Firing (i - inventory. (/) - cycle)
e - 57 stones (quivered)
Press: ? - help, Shift-Dir - straight line, f/p - hippogriff
Aim: a hippogriff (lightly wounded)
You shoot a stone. The stone hits the hippogriff.
The hippogriff is moderately wounded.
The hippogriff bites you. The hippogriff pecks you.
* * * LOW HITPOINT WARNING * * *
The hippogriff claws you.
* * * LOW HITPOINT WARNING * * *
The hippogriff closely misses you. The hippogriff barely misses you.
The hippogriff claws you but does no damage.
The hippogriff barely misses you.
The hippogriff pecks you but does no damage.
The hippogriff claws you!
* * * LOW HITPOINT WARNING * * *
You see here a dagger.
Really walk into that dispersal trap?
You enter a dispersal trap!
The hippogriff blinks! x2; You blink.
The hippogriff misses you. The hippogriff pecks you!
You die...

#.# #.# ...#.# #.#. . #
...#.# #.#. .#
#####..#.###.#.######.#
.....[.#..§..#...[....##
.####..#.....#..........
.#.....#..§..#(..#...#
.....#.#.##.§......#.#
.....#...##..#.#@....#
.........##..#.H....##
.....##..##..#.##...#
.....'.(((()(#. ...#
.....###.###.# .#.#
.....# #>....# .#..
.....# #.##### .# ##
.....###.# .. .........#


You could see a hippogriff.

Vanquished Creatures
  A crimson imp (D:3)
  An iguana (D:4)
  Robin (D:2)
  6 adders
  4 worms
  4 dart slugs
  3 leopard geckos
  3 orcs
  2 giant cockroaches (D:2)
  14 goblins
  8 hobgoblins
  13 jackals
  2 quokkas
  A ball python (D:1)
  6 bats
  3 frilled lizards
  13 kobolds
  2 rats
87 creatures vanquished.

Notes
Turn   | Place    | Note
-------+----------+-------------------------------------------
     0 | D:1      | PentaManta the Halfling Hunter began the quest for the Orb.
     0 | D:1      | Reached XP level 1. HP: 14/14 MP: 1/1
   198 | D:1      | Reached skill level 6 in Slings
   198 | D:1      | Reached XP level 2. HP: 19/19 MP: 2/2
   517 | D:1      | Reached XP level 3. HP: 24/24 MP: 3/3
  1048 | D:2      | Reached XP level 4. HP: 27/30 MP: 4/4
  1274 | D:2      | Noticed Robin
  1287 | D:2      | Killed Robin
  1684 | D:3      | Reached XP level 5. HP: 36/36 MP: 5/5
  1716 | D:3      | Reached skill level 7 in Slings
  1953 | D:3      | Found a snail-covered altar of Cheibriados.
  1953 | D:3      | Found a glowing silver altar of Zin.
  1954 | D:3      | Found a hazy altar of Hepliaklqana.
  2137 | D:3      | Reached XP level 6. HP: 42/42 MP: 6/6
  2541 | D:4      | Noticed a hippogriff
  2575 | D:4      | HP: 1/42 [hippogriff (7)]
  2593 | D:4      | Slain by a hippogriff

Skill      XL: |  1  2  3  4  5 |
---------------+----------------+-----
Fighting       | 2 3 |  3.4
Slings         | 6 7 |  7.6
Dodging        | 3 4 |  4.2
Stealth        | |  1.1

Action                   |  1- 3 |  4- 6 || total
-------------------------+-------+-------++-------
 Fire: Hunting sling     |    83 |   205 ||   288
  Eat: Chunk             |       |     4 ||     4
Armor: Leather armour    |     4 |    19 ||    23
Dodge: Dodged            |    22 |    60 ||    82
